 Dungeon Crawl Stone Soup version 0.31-a0-214-gb37851dbb3 (webtiles) character file.

Game seed: 4815955570064714162

1450 qw the Cleaver (level 8, -1/51 HPs)
             Began as a Gargoyle Fighter on July 1, 2023.
             Slain by a wight
             ... wielding a +0 spear
              (5 damage)
             ... on level 7 of the Dungeon.
             The game lasted 00:02:40 (5104 turns).

qw the Cleaver (Gargoyle Fighter)                   Turns: 5104, Time: 00:02:40

Health: -1/51      AC: 20    Str: 21    XL:     8   Next: 75%
Magic:  8/8        EV:  8    Int:  8    God:
Gold:   59         SH:  4    Dex: 13    Spells: 7/7 levels left

rFire   . . .        Y - +0 war axe
rCold   . . .        c - +0 buckler
rNeg    + . .        q - +0 chain mail
rPois   inf          f - +1 helmet {SInv}
rElec   +            t - +0 cloak
rCorr   .            n - +1 pair of gloves
SInv    +            (no boots)
Will    .....        v - amulet of regeneration Stlth
                     (no ring)
HPRegen 1.08/turn    (no ring)
MPRegen 0.11/turn

%: no passive effects
@: marked
A: sickness immunity, AC +5, negative energy resistance 1, electricity
resistance, torment resistance 1, petrification resistance, agile 1, sense
surroundings 2
a: no special abilities


You were on level 7 of the Dungeon.
You visited 1 branch of the dungeon, and saw 7 of its levels.

You collected 306 gold pieces.
You spent 247 gold pieces at shops.


Innate Abilities, Weirdness & Mutations

You are immune to sickness and miasma.
Your stone body is resilient. (AC +5)
You are immune to poison.
You resist negative energy. (rN+)
You are resistant to electric shocks. (rElec)
You are resistant to unholy torment.
You are immune to petrification.
You are agile. (Dex +4, Str/Int -1)
You passively map the area around you.


   Skills:
 - Level 6.0 Fighting
 + Level 8.1 Axes
 - Level 2.3 Throwing
 - Level 4.0 Armour
 - Level 1.0 Dodging
 - Level 3.2 Shields


You had 7 spell levels left.
You didn't know any spells.
Your spell library was empty.

Inventory:

Hand Weapons
 a - a +0 flail
 Y - a +0 war axe (weapon)
Armour
 c - a +0 buckler (worn)
 f - a +1 helmet of see invisible (worn)
 n - a +1 pair of gloves (worn)
 q - a +0 chain mail (worn)
 t - a +0 cloak (worn)
Jewellery
 v - an amulet of regeneration (around neck)
Scrolls
 p - a scroll of identify
Potions
 b - a potion of mutation
 d - 2 potions of might
 g - 2 potions of attraction
 h - a potion of lignification {unknown}
 j - a potion of curing
 k - a potion of berserk rage {unknown}
 l - a potion of enlightenment {unknown}
 m - a potion of brilliance {unknown}
 o - 2 potions of haste
 s - 2 potions of magic

Dungeon Overview and Level Annotations

Branches:
Dungeon (7/15)             Temple (0/1) D:7

Altars:
Qazlal
Wu Jian

Shops:
D:7 [

Annotations:
D:4 1 runed translucent door, qw's ghost, amateur DEHu


Message History

The water moccasin barely misses you.
You slash the water moccasin!
You kill the water moccasin!
You completely miss the hornet. The hornet stings you!
The wight barely misses you.
The wight hits you from afar with a +0 spear.
The hornet stings you but does no damage.
Your Fighting skill increases to level 6!
You barely miss the hornet. You hit the iguana. The hornet stings you.
The wight hits you but does no damage. You block the wight's attack.
The iguana bites you but does no damage.
You block the hornet's attack.
You hit the iguana but do no damage.
The iguana is lightly wounded.
You barely miss the hornet.
The wight hits you from afar with a +5 spear of freezing.
The wight freezes you. The wight hits you but does no damage.
The iguana bites you but does no damage.
The hornet stings you but does no damage.
You barely miss the iguana.
The iguana is lightly wounded.
You slash the hornet! The hornet stings you!
The wight hits you from afar with a +5 spear of freezing.
The wight freezes you.
The iguana bites you but does no damage.
The wight hits you but does no damage.
The hornet stings you but does no damage.
The wight hits you but does no damage. x2
An orc wizard comes into view. It is wielding a +0 dagger.
The iguana bites you.
You hit the hornet but do no damage.
The hornet is moderately wounded.
You hit the iguana.
The hornet stings you but does no damage.
The wight hits you from afar with a +5 spear of freezing.
The wight freezes you.
The wight hits you from afar with a +0 spear.
You die...

#.# , #.#* * * #.# ,
#. #.# , , * * #.##
* , #. #.# ,* #..#
,*#.###.#* # * *
##.# #....8##.* * ,
#.# , *....>.. , *
#.# , ..z8##o# ,, ,
#.# ####lyz(..# * ,
#.# #...@# * #.#
#....# * #.# #....#
*
#.########.#......,,
, ,
#........[.#######
** ############


You could see a hornet, an iguana, 2 wights and an orc wizard.

Vanquished Creatures
  A water moccasin (D:7)
  2 sky beasts (D:6)
  A black bear (D:5)
  2 ogres (D:4)
  A bullfrog (D:6)
  3 scorpions
  2 wights (D:7)
  2 howler monkeys
  A jelly (D:7)
  2 hounds
  2 sleepcaps
  2 iguanas
  Robin (D:2)
  8 gnolls (D:4)
  7 adders
  2 shadow imps
  4 worms
  3 dart slugs
  4 orcs
  2 bats
  11 endoplasms
  8 giant cockroaches
  14 goblins
  9 hobgoblins
  6 jackals (D:3)
  4 quokkas
  4 ball pythons
  4 frilled lizards
  6 kobolds
  8 rats
126 creatures vanquished.

Notes
Turn   | Place    | Note
-------+----------+-------------------------------------------
     0 | D:1      | qw the Gargoyle Fighter began the quest for the Orb.
     0 | D:1      | Reached XP level 1. HP: 14/14 MP: 1/1
     0 | D:1      | 0 ||| qw: Version: 0.3-a-32-g5962c71
     0 | D:1      | 0 ||| qw: Game counter: 7540
     0 | D:1      | 0 ||| qw: Melee chars always use a shield: true
     0 | D:1      | 0 ||| qw: God list: Okawaru
     0 | D:1      | 0 ||| qw: Allow faded altars: false
     0 | D:1      | 0 ||| qw: Do Orc after clearing Dungeon:15 true
     0 | D:1      | 0 ||| qw: Do second Lair branch before Depths: true
     0 | D:1      | 0 ||| qw: Lair rune preference: random
     0 | D:1      | 0 ||| qw: Goals: Normal, Zot:1-4, Slime:5, God:TSO, Crypt,
                  | Tomb, Abyss, Pan, Hells, Win
     0 | D:1      | 0 ||| PLANNING D:1-11
    91 | D:1      | Reached skill level 2 in Axes
   152 | D:1      | Reached XP level 2. HP: 16/19 MP: 2/2
   253 | D:1      | You fall into a shaft and drop 1 floor!
   320 | D:2      | Reached skill level 3 in Axes
   332 | D:2      | 332 ||| UPGRADING to +0 helmet.
   337 | D:2      | 337 ||| READING scroll labelled IFOANL NORU.
   338 | D:2      | 338 ||| READING scroll labelled YCVONI JUXEMI.
   339 | D:2      | 339 ||| READING scroll labelled CEEKHERAS.
   340 | D:2      | 340 ||| READING scroll labelled NEALOZU REGAS.
   427 | D:1      | Reached XP level 3. HP: 20/23 MP: 3/3
   427 | D:1      | 427 ||| FLEEEEING.
   428 | D:1      | 428 ||| FLEEEEING.
   429 | D:1      | 429 ||| FLEEEEING.
   430 | D:1      | 430 ||| FLEEEEING.
   539 | D:1      | 539 ||| Stepping ~*~*~tactically~*~*~ (stealth).
   544 | D:1      | 544 ||| Stepping ~*~*~tactically~*~*~ (stealth).
   610 | D:1      | 610 ||| DROPPING +0 club.
   967 | D:2      | 967 ||| Stepping ~*~*~tactically~*~*~ (stealth).
   968 | D:2      | 968 ||| Stepping ~*~*~tactically~*~*~ (stealth).
   971 | D:2      | 971 ||| Stepping ~*~*~tactically~*~*~ (stealth).
   972 | D:2      | 972 ||| Stepping ~*~*~tactically~*~*~ (stealth).
   973 | D:2      | 973 ||| Stepping ~*~*~tactically~*~*~ (stealth).
   974 | D:2      | 974 ||| Stepping ~*~*~tactically~*~*~ (stealth).
   983 | D:2      | Reached XP level 4. HP: 26/28 MP: 4/4
  1020 | D:2      | 1020 ||| Stepping ~*~*~tactically~*~*~ (stealth).
  1032 | D:2      | Reached skill level 4 in Axes
  1032 | D:2      | 1032 ||| Stepping ~*~*~tactically~*~*~ (stealth).
  1036 | D:2      | Noticed Robin
  1050 | D:2      | Killed Robin
  1468 | D:2      | 1468 ||| READING 2 scrolls labelled LAENTOYTZU.
  1469 | D:2      | 1469 ||| DRINKING 2 fizzy ruby potions.
  1470 | D:2      | 1470 ||| DROPPING scroll of vulnerability.
  1508 | D:3      | 1508 ||| Stepping ~*~*~tactically~*~*~ (stealth).
  1509 | D:3      | 1509 ||| Stepping ~*~*~tactically~*~*~ (stealth).
  1535 | D:3      | 1535 ||| Stepping ~*~*~tactically~*~*~ (stealth).
  1541 | D:3      | 1541 ||| Stepping ~*~*~tactically~*~*~ (stealth).
  1544 | D:3      | 1544 ||| Stepping ~*~*~tactically~*~*~ (stealth).
  1545 | D:3      | 1545 ||| Stepping ~*~*~tactically~*~*~ (stealth).
  1585 | D:3      | Found a stormy altar of Qazlal.
  1586 | D:3      | 1586 ||| Stepping ~*~*~tactically~*~*~ (stealth).
  1605 | D:3      | 1605 ||| Stepping ~*~*~tactically~*~*~ (stealth).
  1647 | D:3      | Reached XP level 5. HP: 31/32 MP: 5/5
  1724 | D:3      | 1724 ||| Stepping ~*~*~tactically~*~*~ (stealth).
  1733 | D:3      | 1733 ||| Stepping ~*~*~tactically~*~*~ (stealth).
  1819 | D:3      | Reached skill level 5 in Axes
  1828 | D:3      | 1828 ||| Stepping ~*~*~tactically~*~*~ (stealth).
  1975 | D:3      | Found a faded altar of an unknown god.
  2088 | D:3      | 2088 ||| READING scroll labelled ENAASKU LOTANA.
  2189 | D:3      | 2189 ||| READING scroll labelled YNOATI FETEG.
  2190 | D:3      | 2190 ||| READING scroll labelled ROOTOR CIRREGEREWN.
  2267 | D:4      | Found an ornate altar of the Wu Jian Council.
  2281 | D:4      | Reached skill level 1 in Throwing
  2286 | D:4      | Reached XP level 6. HP: 28/38 MP: 6/6
  2456 | D:4      | 2456 ||| Stepping ~*~*~tactically~*~*~ (hiding).
  2457 | D:4      | 2457 ||| Stepping ~*~*~tactically~*~*~ (hiding).
  2458 | D:4      | 2458 ||| Stepping ~*~*~tactically~*~*~ (hiding).
  2459 | D:4      | 2459 ||| Stepping ~*~*~tactically~*~*~ (hiding).
  2460 | D:4      | 2460 ||| Stepping ~*~*~tactically~*~*~ (hiding).
  2461 | D:4      | 2461 ||| Stepping ~*~*~tactically~*~*~ (hiding).
  2463 | D:4      | 2463 ||| Stepping ~*~*~tactically~*~*~ (hiding).
  2464 | D:4      | 2464 ||| Stepping ~*~*~tactically~*~*~ (hiding).
  2477 | D:4      | Reached skill level 1 in Dodging
  2503 | D:4      | 2503 ||| FLEEEEING.
  2568 | D:4      | Found a runed translucent door.
  2668 | D:4      | 2668 ||| Stepping ~*~*~tactically~*~*~ (stealth).
  2669 | D:4      | 2669 ||| Stepping ~*~*~tactically~*~*~ (stealth).
  2847 | D:4      | 2847 ||| Stepping ~*~*~tactically~*~*~ (stealth).
  2853 | D:4      | HP: 5/38 [ogre/+0 giant club (28)]
  2855 | D:4      | Reached skill level 6 in Axes
  2855 | D:4      | Reached XP level 7. HP: 6/43 MP: 7/7
  3014 | D:4      | Noticed qw's ghost (amateur DEHu)
  3335 | D:4      | 3335 ||| UPGRADING to +0 pair of gloves.
  3340 | D:4      | 3340 ||| UPGRADING to +0 chain mail.
  3350 | D:4      | 3350 ||| DROPPING +0 scale mail.
  3351 | D:4      | 3351 ||| DRINKING 2 metallic silvery potions.
  3378 | D:5      | Entered Level 5 of the Dungeon
  3385 | D:5      | 3385 ||| READING scroll of enchant armour.
  3385 | D:5      | 3385 ||| ENCHANTING +0 pair of gloves.
  3637 | D:5      | Reached skill level 7 in Axes
  3887 | D:5      | 3887 ||| Stepping ~*~*~tactically~*~*~ (stealth).
  4047 | D:5      | 4047 ||| UPGRADING to +0 cloak.
  4052 | D:5      | 4052 ||| DRINKING 2 sedimented inky potions.
  4052 | D:5      | Gained mutation: You are agile. (Dex +4, Str/Int -1)
                  | [potion of mutation]
  4052 | D:5      | Gained mutation: You passively map a small area around you.
                  | [potion of mutation]
  4052 | D:5      | Gained mutation: You passively map the area around you.
                  | [potion of mutation]
  4053 | D:5      | 4053 ||| DRINKING 2 fizzy silvery potions.
  4054 | D:5      | 4054 ||| DRINKING potion of curing.
  4054 | D:5      | 4054 ||| (to cure confusion)
  4055 | D:5      | 4055 ||| DRINKING 2 emerald potions.
  4056 | D:5      | 4056 ||| READING 2 scrolls of identify.
  4056 | D:5      | 4056 ||| IDENTIFYING inky potion
  4057 | D:5      | 4057 ||| DROPPING potion of ambrosia.
  4179 | D:6      | Reached XP level 8. HP: 49/49 MP: 8/8
  4332 | D:6      | Identified the +1 scale mail of Ussoucyd {rN+ Int+3}
  4892 | D:6      | 4892 ||| DROPPING +1 scale mail of Ussoucyd {rN+ Int+3}.
  4893 | D:6      | 4893 ||| UPGRADING to amulet of the acrobat.
  4898 | D:6      | 4898 ||| UPGRADING to amulet of regeneration.
  4908 | D:6      | 4908 ||| DROPPING amulet of the acrobat.
  4909 | D:6      | 4909 ||| READING scroll labelled VUNUVY TEGIMOSAAD.
  4910 | D:6      | 4910 ||| READING scroll labelled UPTEOJ ANEI.
  4913 | D:6      | 4913 ||| DRINKING 3 fuming red potions.
  4914 | D:6      | 4914 ||| READING 2 scrolls of identify.
  4914 | D:6      | 4914 ||| IDENTIFYING ruby potion
  4915 | D:6      | 4915 ||| DROPPING potion of degeneration.
  4935 | D:7      | 4935 ||| Stepping ~*~*~tactically~*~*~ (hiding).
  4944 | D:7      | 4944 ||| Stepping ~*~*~tactically~*~*~ (stealth).
  4945 | D:7      | 4945 ||| Stepping ~*~*~tactically~*~*~ (stealth).
  4958 | D:7      | Found Guxown's Armour Shoppe.
  4963 | D:7      | 4963 ||| SHOPLISTING +0 plate armour of cold resistance
                  | (450 gold, have 287).
  4963 | D:7      | 4963 ||| BUYING +1 helmet of see invisible (247 gold).
  4963 | D:7      | Bought a +1 helmet of see invisible for 247 gold pieces
  4963 | D:7      | 4963 ||| SHOPLISTING +1 ring mail of fire resistance (240
                  | gold, have 40).
  4963 | D:7      | 4963 ||| SHOPLISTING +3 scale mail of fire resistance (390
                  | gold, have 40).
  4963 | D:7      | 4963 ||| SHOPLISTING +4 chain mail of cold resistance (472
                  | gold, have 40).
  5055 | D:7      | Found a staircase to the Ecumenical Temple.
  5056 | D:7      | 5056 ||| PLANNING TEMPLE
  5056 | D:7      | 5056 ||| UPGRADING to +1 helmet of see invisible.
  5066 | D:7      | 5066 ||| DROPPING +0 helmet.
  5089 | D:7      | Noticed a hornet
  5092 | D:7      | Reached skill level 8 in Axes
  5098 | D:7      | HP: 11/49 [wight/+5 spear of freezing (10)]
  5099 | D:7      | 5099 ||| DRINKING potion of heal wounds.
  5101 | D:7      | Reached skill level 6 in Fighting
  5103 | D:7      | HP: 10/51 [iguana (6)]
  5104 | D:7      | HP: 4/51 [wight/+5 spear of freezing (1)]
  5104 | D:7      | Slain by a wight

Levels and vault maps discovered:
D:1:      minmay_arrival_arboretum_small, layout_basic, minmay_pentomino_z4
D:2:      layout_loops_ring, hangedman_decor_push, uniq_robin
D:3:      layout_rooms, mainiacjoe_overflow_alcove_2, basic_ecumenical_altar
D:4:      layout_basic, nicolae_wu_jian_immortal_techniques,
          ebering_ghost_reflecting_pool
D:5:      layout_loops_ring
D:6:      layout_gridville, hangedman_decor_opposing, due_unseen_surprise
D:7:      layout_loops_ring, kennysheep_mini, temple_statues, serial_shops,
          nicolae_shop_rolling_square

Skill      XL: |  1  2  3  4  5  6  7  8 |
---------------+-------------------------+-----
Axes           | 2 3 4 5 6 7 8 |  8.1
Throwing       | 1 2 |  2.3
Fighting       | 4 5 6 |  6.0
Dodging        | 1 |  1.0
Armour         | 4 |  4.0
Shields        | |  3.2

Action                     |  1- 3 |  4- 6 |  7- 9 || total
---------------------------+-------+-------+-------++-------
  Melee: War axe           |    93 |   184 |   134 ||   411
  Throw: Javelin           |       |    20 |    21 ||    41
    Use: Scroll            |     4 |     4 |     5 ||    13
         Potion            |       |     1 |     7 ||     8
 Armour: Scale mail        |    47 |    73 |     4 ||   124
         Chain mail        |       |       |   102 ||   102
  Dodge: Dodged            |    42 |    79 |    51 ||   172
  Block: Buckler           |     9 |    28 |    27 ||    64

Table legend:
 A = Non-vault XP
 B = Vault XP
 C = Vault XP percentage of total XP
 D = Non-vault monster count
 E = Vault monster count
 F = Vault count percentage of total count
                 A         B        C        D         E       F
            +---------+---------+-------+---------+---------+-------
      Total |    2040 |      32 |   1.5 |     116 |      10 |   7.9
            +---------+---------+-------+---------+---------+-------
        D:1 |      35 |       4 |  10.3 |      23 |       3 |  11.5
        D:2 |      63 |      28 |  30.8 |      15 |       7 |  31.8
        D:3 |     129 |       0 |   0.0 |      29 |       0 |   0.0
        D:4 |     477 |       0 |   0.0 |      27 |       0 |   0.0
        D:5 |     360 |       0 |   0.0 |       7 |       0 |   0.0
        D:6 |     486 |       0 |   0.0 |       7 |       0 |   0.0
        D:7 |     490 |       0 |   0.0 |       8 |       0 |   0.0
            +---------+---------+-------+---------+---------+-------
